 Dungeon Crawl Stone Soup version 0.30-a0-718-geaa24f58ff (webtiles) character file.

Game seed: 2891122007471024065

2258 kae the Changer (level 9, -12/67 HPs)
             Began as a Demonspawn Transmuter on Jan 25, 2023.
             Was a Follower of Hepliaklqana.
             Killed from afar by a steam dragon (25 damage)
             ... with a ball of steam
             ... on level 7 of the Dungeon.
             The game lasted 00:08:03 (7148 turns).

kae the Changer (Demonspawn Transmuter)             Turns: 7148, Time: 00:08:04

Health: -12/67     AC: 11    Str: 12    XL:     9   Next: 15%
Magic:  16/16      EV: 15    Int: 17    God:    Hepliaklqana [*.....]
Gold:   603        SH:  5    Dex: 14    Spells: 7/17 levels left

rFire   x . .      SeeInvis .      - Unarmed
rCold   + + +      Faith    .    (shield currently unavailable)
rNeg    . . .      Spirit   .    (body armour currently unavailable)
rPois   +          Reflect  +    (helmet currently unavailable)
rElec   .          Harm     .    (cloak currently unavailable)
rCorr   .          Rampage  .    (gloves unavailable)
Will    +....                    (boots currently unavailable)
Stlth   +                        r - amulet of reflection
HPRegen 0.31/turn                O - +4 ring of protection
MPRegen 0.15/turn                x - ring of willpower

@: agile, ice-form, marked, wereblooded, invisible
A: freezing attack, amphibious, boosted hp, reduced essence, large, (claws 3),
rugged brown scales 2, powered by death 1, powered by pain 1
a: End Transformation, Renounce Religion, Recall Ancestor, Ancestor Identity


You were on level 7 of the Dungeon.
You worshipped Hepliaklqana.
Hepliaklqana was aware of your devotion.
You were a creature of crystalline ice.
You visited 2 branches of the dungeon, and saw 8 of its levels.
You also visited: Sewer and Ossuary.

You collected 603 gold pieces.


Innate Abilities, Weirdness & Mutations

You are a creature of crystalline ice.
You have a powerful freezing melee attack.
You are amphibious.
Your maximum health is increased.
Your armour is entirely melded.
You are incapable of wielding weapons or throwing items.
Your life essence is reduced to manifest your ancestor. (-10% HP)
((You have claws for hands.))
(You are mostly covered in rugged brown scales. (AC +2, +5% HP))
You regenerate a little health from kills.
You sometimes gain a little power by taking damage.


   Skills:
 - Level 1.0 Fighting
 - Level 1.7 Dodging
 + Level 5.3 Unarmed Combat
 + Level 4.9 Spellcasting
 * Level 6.8 Transmutations
 * Level 5.2 Ice Magic
 - Level 2.0 Poison Magic
 + Level 2.6 Invocations


You had 7 spell levels left.
You knew the following spells:

 Your Spells              Type           Power      Damage    Failure   Level
a - Beastly Appendage     Tmut           54%        N/A       1%          1
b - Wereblood             Tmut           27%        N/A       1%          2
c - Spider Form           Tmut/Pois      19%        N/A       7%          3
d - Ice Form              Ice/Tmut       24%        N/A       12%         4

Your spell library contained the following spells:

 Spells                   Type           Power      Damage    Failure   Level
 Apportation              Tloc           8%         N/A       14%         1
 Poisonous Vapours        Pois/Air       14%        N/A       14%         2
 Cigotuvi's Dreadful Rot  Necr/Pois/Air  12%        N/A       17%         2
 Blink                    Tloc           8%         N/A       22%         2
 Lesser Beckoning         Tloc           8%         N/A       22%         2
 Momentum Strike          Conj/Tloc      8%         3d8       22%         2
 Scorch                   Fire           8%         2d5       22%         2
 Mephitic Cloud           Conj/Pois/Air  6%         N/A       32%         3
 Dazzling Flash           Conj/Hex       8%         N/A       41%         3
 Alistair's Intoxication  Tmut/Pois      12%        N/A       54%         5
 Flame Wave               Conj/Fire      4%         2d5       82%         4
 Iskenderun's Mystic Bla  Conj/Tloc      4%         2d3       82%         4
 Starburst                Conj/Fire      2%         6d3       100%        6
 Summon Cactus Giant      Summ           2%         N/A       100%        6

Inventory:

Missiles
 d - 51 stones
 m - 5 silver javelins
 q - 12 poisoned darts
Armour
 a - a +0 robe (melded)
 e - a +0 pair of gloves
   (You found it on level 1 of the Dungeon)
Magical Staves
 j - a staff of poison {!a}
   (You took it off an orc on level 3 of the Dungeon)
 t - a staff of earth {!a}
   (You found it on level 3 of the Dungeon)
 D - a staff of air {!a}
   (You found it on level 5 of the Dungeon)
Jewellery
 g - an amulet of regeneration
   (You found it on level 5 of the Dungeon)
 o - a +4 ring of protection
   (You found it in an ossuary)
 r - an amulet of reflection (around neck)
   (You found it in a sewer)
 v - a ring of see invisible
   (You found it on level 5 of the Dungeon)
 x - a ring of willpower (right front paw)
   (You found it in a sewer)
 G - the ring "Obar" {Ice Dex+3}
   (You found it on level 7 of the Dungeon)

   [ring of ice]

   It enhances your ice magic.
   Dex:       It affects your dexterity (+3).
   rF:        It makes you vulnerable to fire.
   rC:        It protects you from cold.
 L - a ring of flight
   (You found it on level 3 of the Dungeon)
 O - a +4 ring of protection (left front paw)
   (You found it on level 2 of the Dungeon)
Wands
 l - a wand of flame (45)
   (You found it on level 2 of the Dungeon)
 y - a wand of mindburst (10)
   (You found it on level 5 of the Dungeon)
 A - a wand of roots (15)
   (You found it on level 3 of the Dungeon)
 E - a wand of acid (6)
   (You found it on level 6 of the Dungeon)
Scrolls
 b - a scroll of blinking {!r}
 c - 4 scrolls of teleportation {@r4}
 w - 2 scrolls of immolation {!r!r}
Potions
 f - a potion of ambrosia {unknown}
 h - a potion of resistance
 i - 6 potions of heal wounds {unknown}
 k - 4 potions of curing {@q1}
 n - 9 potions of flight
 p - 2 potions of magic
 s - 2 potions of might {unknown}
 u - a potion of brilliance {unknown}
 z - 2 potions of cancellation
 B - 3 potions of degeneration {!q}

Dungeon Overview and Level Annotations

Branches:
Dungeon (7/15) Zot: 26642  Temple (1/1) D:5 Zot: 5802   Sewer (visited)
Ossuary (visited)

Altars:
Ashenzari
Cheibriados
Dithmenos
Fedhas
Gozag
Hepliaklqana
Kikubaaqudgha
Makhleb
Nemelex Xobeh
Okawaru
Qazlal
Ru
Sif Muna
Trog
Uskayaw
Vehumet
Xom
Yredelemnul

Portals:
Bailey: D:7

Annotations:
D:6 exclusion: two-headed ogre

.## #.## ##.. ...
.<.##.. #ยง.#....Y#
#..#.#..R# #.......###
.# #...).....## ..###
##.)โˆฉ).....### #.....
##...).Y......###..####
#.....YD..........#
#..#####..........#
#... ##..........# #..
#.........#..# ##
#...#####..##... ...#
#...# #..## ..# #...#
#..## .# #..## #... ##
#..# ##...


You could see the friendly Nhalahla the ancestor, a steam dragon (unable to see
you, catching breath), an ice beast (unable to see you) and a sky beast (unable
to see you, ally target).


Message History

You regained 4 hp, and now have 51/67 hp. ๐Ÿ˜• HP[+2]
You regained 2 hp, and now have 53/67 hp.
Unknown command.
You warm up again.
Your +0 robe unmelds from your body. ๐Ÿ˜• HP[-6]
You now have 56 max hp (-11). ๐Ÿ˜• HP[+2] MP[+1]
You regained 2 hp, and now have 49/56 hp.
Your mp is fully restored (16).
You hear the creaking of a portcullis nearby. ๐Ÿ˜• HP[+1] ๐Ÿ˜• HP[+1] ๐Ÿ˜• HP[+2]
You regained 2 hp, and now have 53/56 hp.
Your primal bloodlust is almost over. ๐Ÿ˜• HP[+1] ๐Ÿ˜• HP[+1] ๐Ÿ˜Ž HP[+1]
Your hp is fully restored (56).
Your primal bloodlust has ended.
Found two hand axes.
Found a flagged portal.
Found an escape hatch in the ceiling.
A sourceless malevolence fills the Dungeon...
With a horrendous wail, an alarm goes off!
A sentinel's mark forms upon you.
You hear an angry hiss.
You see here a +0 hand axe.
There is a flagged portal here.
You start waiting.
A sky beast comes into view.
Unknown command.
Casting: Wereblood (safe; 1% risk of failure)
Confirm with . or Enter, or press ? or * to list all spells.
You turn into a creature of crystalline ice.
Your +0 robe melds into your body.
An ice beast comes into view.
A steam dragon comes into view. ๐Ÿ˜Ž HP[+11] MP[-4]
You now have 67 max hp (+11).
Your hp is fully restored (67).
You lost 4 mp, and now have 12/16 mp.
There are monsters nearby!
You fade into invisibility!
Casting: Ice Form (dangerous; 12% risk of failure)
Confirm with . or Enter, or press ? or * to list all spells.
Your blood is infused with primal strength.
Nhalahla closely misses the sky beast.
The sky beast hits Nhalahla.
The sky beast shocks Nhalahla.
The steam dragon breathes steam at you. The ball of steam hits you!!
The steam scalds you terribly!
You focus on the pain.
You feel agile all of a sudden.
* * * LOW HITPOINT WARNING * * *
Nhalahla hits the sky beast.
The sky beast closely misses Nhalahla. ๐Ÿ˜จ HP[-41] MP[-2]
You take 41 damage, and now have 26/67 hp.
MASSIVE DAMAGE!! (PAUSE)
You lost 2 mp, and now have 10/16 mp.
Nhalahla closely misses the sky beast.
The sky beast hits Nhalahla but does no damage.
The steam dragon misses you.
The steam dragon barely misses you. ๐Ÿ˜จ MP[+1]
You barely miss the steam dragon.
Nhalahla barely misses the sky beast.
The sky beast closely misses Nhalahla.
The steam dragon breathes steam at you. The ball of steam misses you.
The ice beast hits you but does no damage. ๐Ÿ˜จ HP[+1]
You hit the steam dragon. You freeze the steam dragon.
You hear the creaking of a portcullis.
* * * LOW HITPOINT WARNING * * *
You focus on the pain.
You feel your power returning.
Nhalahla completely misses the sky beast.
The sky beast hits Nhalahla.
The sky beast shocks Nhalahla.
The steam dragon misses you.
The steam dragon claws you but does no damage.
The ice beast barely misses you. ๐Ÿ˜ฑ HP[-13] MP[+5]
You take 13 damage, and now have 14/67 hp.
Your mp is fully restored (16).
Nhalahla misses the sky beast.
The sky beast closely misses Nhalahla.
The steam dragon misses you.
The steam dragon claws you but does no damage.
You block the ice beast's attack.
You hit the steam dragon. You freeze the steam dragon.
Nhalahla hits the sky beast.
The sky beast hits Nhalahla.
The sky beast shocks Nhalahla.
The steam dragon closely misses you. The steam dragon claws you.
* * * LOW HITPOINT WARNING * * *
You block the ice beast's attack. ๐Ÿ˜ฑ HP[-1]
You take 1 damage, and now have 13/67 hp.
Unknown command.
You punch the steam dragon! You freeze the steam dragon.
Nhalahla hits the sky beast.
The sky beast hits Nhalahla.
The sky beast shocks Nhalahla.
The steam dragon breathes steam at you. The ball of steam hits you!!
The steam scalds you terribly!
You die...

Skill      XL: |  1  2  3  4  5  6  7  8 |
---------------+-------------------------+-----
Transmutations | 2 3 4 5 6 |  6.8
Unarmed Combat | 3 4 5 |  5.3
Poison Magic   | 1 2 |  2.0
Spellcasting   | 3 4 |  4.9
Ice Magic      | 1 3 5 |  5.2
Invocations    | 2 |  2.6
Fighting       | |  1.0
Dodging        | |  1.7

Action                     |  1- 3 |  4- 6 |  7- 9 || total
---------------------------+-------+-------+-------++-------
  Melee: Unarmed           |   117 |   280 |   238 ||   635
         Kick              |    19 |    25 |    23 ||    67
         Punch             |     4 |     6 |     4 ||    14
         Headbutt          |     8 |    15 |    14 ||    37
   Cast: Beastly Appendage |    22 |    25 |    19 ||    66
         Wereblood         |     1 |     4 |     7 ||    12
         Spider Form       |       |     7 |     4 ||    11
         Ice Form          |       |       |     5 ||     5
  Evoke: Wand              |       |       |     1 ||     1
    Use: Scroll            |     4 |     4 |     8 ||    16
         Potion            |     1 |     1 |     1 ||     3
   Stab: Sleeping          |     1 |     1 |     4 ||     6
         Distracted        |       |       |     1 ||     1
 Armour: Robe              |    41 |    41 |    34 ||   116
         Skin              |       |   144 |    57 ||   201
  Dodge: Dodged            |    95 |   198 |   123 ||   416
  Block: Other             |       |    53 |    62 ||   115
         Reflection        |       |       |     3 ||     3

Levels and vault maps discovered:
D:1:      grunt_arrival_lava_bath, layout_basic
D:2:      minmay_diamond_boxcup, layout_loops_cross, basic_altar
D:3:      wad_crossroads, layout_basic,
          nicolae_gozag_cash_rules_everything_around_me, lemuel_doored_altar,
          pf_just_have_faith, ebering_ecumenical_altar_petrified,
          gup_sewer_entry_spiral, uniq_ijyb, uniq_natasha, uniq_robin,
          uniq_jessica
D:4:      layout_loops_ring, nicolae_ossuary_entry_monument
D:5:      layout_basic, nzn_hepliaklqana_mist_gate, minmay_temple_entry_hall
D:6:      layout_loops_corners, nicolae_overflow_hallway_of_the_gods
D:7:      layout_layer_cave, enter_bailey_2, minmay_misc_feat_diagonals
Temple:   nicolae_temple_bog_church

Notes
Turn   | Place    | Note
-------+----------+-------------------------------------------
     0 | D:1      | kae the Demonspawn Transmuter began the quest for the Orb.
     0 | D:1      | Reached XP level 1. HP: 15/15 MP: 3/3
     0 | D:1      | magus.rc [v1.11.3]
   197 | D:1      | Reached skill level 2 in Transmutations
   296 | D:1      | Gained mutation: You regenerate a little health from kills.
                  | [demonic ancestry]
   296 | D:1      | Reached XP level 2. HP: 15/21 MP: 1/5
   359 | D:1      | You pick up a book of Party Tricks and begin reading...
   359 | D:1      | You add the spells Apportation and Alistair's Intoxication
                  | to your library.
   803 | D:2      | You pick up a book of Spectacle and begin reading...
   803 | D:2      | You add the spells Dazzling Flash, Iskenderun's Mystic
                  | Blast and Starburst to your library.
  1065 | D:2      | Found a snail-covered altar of Cheibriados.
  1102 | D:2      | Reached skill level 3 in Unarmed Combat
  1198 | D:2      | Gained mutation: You have sharp fingernails. [demonic
                  | ancestry]
  1198 | D:2      | Reached XP level 3. HP: 25/26 MP: 4/6
  1201 | D:2      | Learned a level 2 spell: Wereblood
  1205 | D:2      | Learned a level 3 spell: Spider Form
  1590 | D:3      | Noticed Jessica
  1599 | D:3      | Killed Jessica
  1600 | D:3      | Reached skill level 3 in Transmutations
  1600 | D:3      | Reached skill level 1 in Poison Magic
  1600 | D:3      | Gained mutation: You are partially covered in rugged brown
                  | scales. (AC +1, +3% HP) [demonic ancestry]
  1600 | D:3      | Reached XP level 4. HP: 13/32 MP: 5/7
  1697 | D:3      | Noticed Natasha
  1698 | D:3      | Found a faded altar of an unknown god.
  1706 | D:3      | Killed Natasha
  1737 | D:3      | Noticed Robin
  1752 | D:3      | Killed Robin
  1763 | D:3      | Gained mutation: You have very sharp fingernails. [demonic
                  | ancestry]
  1763 | D:3      | Reached XP level 5. HP: 38/38 MP: 5/9
  1838 | D:3      | Reached skill level 2 in Poison Magic
  1870 | D:3      | Found a glowing drain.
  1874 | Sewer    | Entered a sewer
  2040 | Sewer    | Reached skill level 3 in Spellcasting
  2240 | Sewer    | Reached skill level 4 in Transmutations
  2240 | Sewer    | Gained mutation: You are mostly covered in rugged brown
                  | scales. (AC +2, +5% HP) [demonic ancestry]
  2240 | Sewer    | Reached XP level 6. HP: 38/45 MP: 7/10
  2572 | D:3      | Noticed Natasha
  2577 | D:3      | Learned a level 4 spell: Ice Form
  2585 | D:3      | Killed Natasha
  2648 | D:3      | Found an opulent altar of Gozag.
  2795 | D:3      | Noticed Natasha
  2803 | D:3      | Killed Natasha
  2846 | D:3      | Found a shadowy altar of Dithmenos.
  3075 | D:3      | Found a basalt altar of Yredelemnul.
  3482 | D:4      | Found a sand-covered staircase.
  3488 | Ossuary  | Entered an ossuary
  3511 | Ossuary  | Reached skill level 1 in Ice Magic
  3524 | Ossuary  | Reached skill level 4 in Unarmed Combat
  3565 | Ossuary  | Gained mutation: You sometimes gain a little power by
                  | taking damage. [demonic ancestry]
  3565 | Ossuary  | Reached XP level 7. HP: 44/50 MP: 9/12
  3574 | Ossuary  | Reached skill level 2 in Ice Magic
  4509 | D:5      | Entered Level 5 of the Dungeon
  4615 | D:5      | You pick up a book of Spatial Translocations and begin
                  | reading...
  4615 | D:5      | You add the spells Blink, Momentum Strike and Lesser
                  | Beckoning to your library.
  4642 | D:5      | Reached skill level 5 in Transmutations
  4769 | D:5      | You pick up a book of Scorching and begin reading...
  4769 | D:5      | You add the spells Scorch, Flame Wave and Summon Cactus
                  | Giant to your library.
  4978 | D:5      | Found a staircase to the Ecumenical Temple.
  4985 | Temple   | Entered the Ecumenical Temple
  5207 | D:5      | Reached skill level 4 in Spellcasting
  5207 | D:5      | Reached skill level 3 in Ice Magic
  5271 | D:5      | Found a hazy altar of Hepliaklqana.
  5374 | D:5      | Became a worshipper of Hepliaklqana the Forgotten
  5490 | D:6      | Gained mutation: You have claws for hands. [demonic
                  | ancestry]
  5490 | D:6      | Reached XP level 8. HP: 56/56 MP: 12/14
  6091 | D:6      | Noticed a two-headed ogre
  6280 | D:6      | You pick up a book of Vapours and begin reading...
  6280 | D:6      | You add the spells Poisonous Vapours, Cigotuvi's Dreadful
                  | Rot and Mephitic Cloud to your library.
  6316 | D:6      | HP: 13/56 [poisoned by a water moccasin]
  6321 | D:6      | Reached skill level 6 in Transmutations
  6321 | D:6      | Reached skill level 4 in Ice Magic
  6321 | D:6      | HP: 9/56 [poisoned by a water moccasin]
  6538 | D:6      | Reached * piety under Hepliaklqana
  6545 | D:6      | Found a hide-covered altar of Uskayaw.
  6550 | D:6      | Found a radiant altar of Vehumet.
  6616 | D:6      | Found a sparkling altar of Nemelex Xobeh.
  6616 | D:6      | Found a stormy altar of Qazlal.
  6623 | D:6      | Found a burning altar of Makhleb.
  6871 | D:7      | Identified the ring "Obar" {Ice Dex+3}
  6909 | D:7      | Reached skill level 5 in Unarmed Combat
  6972 | D:7      | Reached skill level 1 in Invocations
  6998 | D:7      | Reached skill level 2 in Invocations
  7003 | D:7      | Reached skill level 5 in Ice Magic
  7003 | D:7      | Reached XP level 9. HP: 51/56 MP: 7/16
  7112 | D:7      | Found a flagged portal.
  7145 | D:7      | HP: 14/67 [steam dragon] (13)]
  7148 | D:7      | Killed from afar by a steam dragon

Vanquished Creatures
  A wyvern (D:7)
  A water moccasin (D:6)
  An ice beast (D:6)
  A phantom (D:5)
  A kobold brigand (D:7)
  3 elf zombies (Ossuary)
  2 gnoll sergeants
  3 scorpions
  4 killer bees (D:7)
  4 howler monkeys
  A hound (D:6)
  A jelly (D:7)
  2 orc priests (D:7)
  A human zombie (Ossuary)
  Jessica (D:3)
  A gnoll bouda (D:5)
  4 iguanas (D:5)
  Natasha (thrice) (D:3)
  3 orc wizards (D:7)
  A sickly merfolk siren (Sewer)
  A malarious merfolk avatar (Sewer)
  4 mummies (Ossuary)
  Robin (D:3)
  11 gnolls
  4 adders
  5 river rats (Sewer)
  3 ufetubi
  2 worms (D:3)
  5 dart slugs
  11 orcs
  10 ball pythons
  10 endoplasms
  9 giant cockroaches
  A gnoll zombie (Ossuary)
  13 goblins
  13 hobgoblins
  8 jackals
  5 quokkas
  8 bats
  4 frilled lizards
  4 goblin zombies (Ossuary)
  A jackal zombie (Ossuary)
  18 kobolds
  A kobold zombie (Ossuary)
  19 rats
  A rat zombie (Ossuary)
211 creatures vanquished.

Vanquished Creatures (collateral kills)
  A gnoll (D:7)
1 creature vanquished.

Vanquished Creatures (others)
  An ancestor (D:7)
  2 withered plants (D:3)
3 creatures vanquished.

Grand Total: 215 creatures vanquished

Table legend:
 A = Non-vault XP
 B = Vault XP
 C = Vault XP percentage of total XP
 D = Non-vault monster count
 E = Vault monster count
 F = Vault count percentage of total count
                 A         B        C        D         E       F
            +---------+---------+-------+---------+---------+-------
      Total |    2460 |     767 |  23.8 |     128 |      84 |  39.6
            +---------+---------+-------+---------+---------+-------
        D:1 |      27 |       0 |   0.0 |      17 |       0 |   0.0
        D:2 |      14 |      19 |  57.6 |       7 |      10 |  58.8
        D:3 |     129 |     133 |  50.8 |      28 |      25 |  47.2
        D:4 |      35 |       0 |   0.0 |      19 |       0 |   0.0
        D:5 |     519 |       0 |   0.0 |      16 |       0 |   0.0
        D:6 |     564 |       0 |   0.0 |      12 |       0 |   0.0
        D:7 |    1172 |       0 |   0.0 |      29 |       0 |   0.0
      Sewer |       0 |     197 | 100.0 |       0 |      33 | 100.0
    Ossuary |       0 |     418 | 100.0 |       0 |      16 | 100.0
            +---------+---------+-------+---------+---------+-------

Illustrated notes

Table legend:
 A = Kills in this place as a percentage of kills in entire the game.
 B = Kills by you in this place as a percentage of kills by you in the entire game.
 C = Kills by friends in this place as a percentage of kills by friends in the entire game.
 D = Other kills in this place as a percentage of other kills in the entire game.
 E = Experience gained in this place as a percentage of experience gained in the entire game.
 F = Experience gained in this place divided by the number of levels of this place that you have seen.
                   A       B       C       D       E      F
               +-------+-------+-------+-------+-------+----------------------
         Total | 100.0 | 100.0 | 100.0 |   N/A | 100.0 | 322.7
       Dungeon |  76.9 |  76.8 | 100.0 |   N/A |  80.9 | 373.1
         Sewer |  15.6 |  15.6 |   0.0 |   N/A |   6.1 | 197.0
       Ossuary |   7.5 |   7.6 |   0.0 |   N/A |  13.0 | 418.0
               +-------+-------+-------+-------+-------+----------------------

Table legend: (Time is in decaauts)
 A = Elapsed time spent in this place.
 B = Non-inter-level travel time spent in this place.
 C = Inter-level travel time spent in this place.
 D = Time resting spent in this place.
 E = Time spent auto-exploring this place.
 F = Levels seen in this place.
 G = Mean time per level.
                   A        B        C        D        E       F      G
               +--------+--------+--------+--------+--------+-----+--------+
         Total |   7210 |   6894 |    316 |    155 |   5127 |  10 |  721.0 |
       Dungeon |   6115 |   5820 |    295 |    146 |   4441 |   7 |  873.6 |
        Temple |    197 |    176 |     21 |      0 |    167 |   1 |  197.0 |
         Sewer |    612 |    612 |      0 |      0 |    370 |   1 |  612.0 |
       Ossuary |    284 |    284 |      0 |      9 |    148 |   1 |  284.0 |
               +--------+--------+--------+--------+--------+-----+--------+

Top non-repeatable levels by time:
     D:3: 1413 daAuts
     D:6: 1248 daAuts
     D:5: 829 daAuts
     D:4: 788 daAuts
     D:1: 772 daAuts
     D:2: 705 daAuts
   Sewer: 612 daAuts
     D:7: 357 daAuts
 Ossuary: 284 daAuts
  Temple: 197 daAuts
